AoeStats
← 739697286

Pilgrims

507738454Analyzed
4v4 RM · 14d ago on Sep 19, 2026· 23m 15s· 8 players
Game mode
Random Map
Map size
Large (8 player)
Population
200
Speed
Normal
Resources
Standard
Victory
Conquest
Starting age
Dark Age
Ending age
Imperial Age
RankedLock teamsTeams togetherTeam positionsShared explorationLock speedFull tech treeHidden civsTurbo modeCheats
Victory
Defeat
🇩🇿 Malians · Algeria
1588
+9
🇲🇽 Romans · Mexico
1475
+13
🇨🇳 Celts · China
1449
+14
🇳🇱 Spanish · Netherlands
1367
+19
🇨🇳 Portuguese · China
1489
-17
🇨🇳 Armenians · China
1450
-15
🇨🇳 Magyars · China
1405
-13
🇨🇳 Berbers · China
1311
-10
RogerV
9:44 Loom
12:10 Feudal Age
17:54 Castle Age
17:17 Gold Mining
Jozzif
4:49 Loom
10:57 Feudal Age
12:27 Double-Bit Axe
12:56 Fishing Lines
15:19 Castle Age
13:34 Stone Mining
13:48 Scale Mail Armor
13:34 Horse Collar
14:52 Gold Mining
15:14 Forging
14:56 Fletching
16:22 Chain Mail Armor
16:21 Medium Warships
21:17 Bodkin Arrow
22:00 Iron Casting
22:47 Squires
22:33 Arson
739697286
8:42 Feudal Age
12:29 Wheelbarrow
17:51 Castle Age
15:38 Loom
16:10 Gold Mining
16:07 Double-Bit Axe
17:22 Stone Mining
19:31 Bow Saw
19:47 Medium Warships
19:08 Demolition Ship
19:32 Fishing Lines
22:47 Man-at-Arms
Kanon
7:18 Loom
9:49 Feudal Age
9:58 Man-at-Arms
11:58 Scale Mail Armor
种田微户
7:24 Loom
11:21 Feudal Age
15:17 Castle Age
14:05 Double-Bit Axe
16:53 Husbandry
16:50 Fletching
17:13 Bloodlines
劳力天尊
4:02 Loom
9:21 Feudal Age
10:48 Double-Bit Axe
14:07 Fishing Lines
14:15 Town Watch
20:59 Wheelbarrow
25:27 Castle Age
翻过那座山
13:30 Feudal Age
17:11 Castle Age
16:38 Stone Mining
22:32 Horse Collar
羽落千叶
13:25 Feudal Age
13:36 Loom
17:09 Castle Age
15:36 Fletching
18:01 Bodkin Arrow
19:41 Wheelbarrow
18:53 Double-Bit Axe
Connection lost

Rejoining the realm…

Still unreachable

The connection could not be restored.

Session expired

The server has moved on; the page needs a fresh start.